 Dungeon Crawl Stone Soup version 0.29.1-15-g9cfb28693d (webtiles) character file.

Game seed: 11795622287326281320

30 Hugehornet the Ruffian (level 3, -2/31 HPs)
             Began as a Naga Transmuter on Mar 23, 2023.
             Was an Initiate of Cheibriados.
             Slain by Natasha (3 damage)
             ... on level 2 of the Dungeon.
             The game lasted 00:03:37 (2315 turns).

Hugehornet the Ruffian (Naga Transmuter)            Turns: 2315, Time: 00:03:38

Health: -2/31      AC:  2    Str: 13    XL:     3   Next: 20%
Magic:  6/6        EV: 10    Int: 16    God:    Cheibriados [......]
Gold:   93         SH:  0    Dex: 12    Spells: 1/6 levels left

rFire   . . .      SeeInvis +     - Unarmed
rCold   . . .      Faith    .   (no shield)
rNeg    . . .      Spirit   .   a - +0 robe
rPois   +          Reflect  .   (helmet currently unavailable)
rElec   .          Harm     .   (no cloak)
rCorr   .          Rampage  .   (no gloves)
Will    .....                   (no barding)
Stlth   +.........              (no amulet)
HPRegen 0.10/turn               (no ring)
MPRegen 0.10/turn               (no ring)

@: appendages (expiring), slowed, very slow
A: horns 2, AC +1, large, see invisible, deformed body, poison resistance,
slowness 2, spit poison 1, naga tail 1
a: Spit Poison, End Transformation, Renounce Religion


You were on level 2 of the Dungeon.
You worshipped Cheibriados.
Cheibriados was noncommittal.
You had temporarily grown beastly horns.
You visited 1 branch of the dungeon, and saw 2 of its levels.

You collected 93 gold pieces.

Inventory:

Armour
 a - a +0 robe (worn)
 h - a +0 helmet (melded)
Scrolls
 c - 2 scrolls of teleportation {unknown}
 f - a scroll of torment {unknown}
 i - a scroll of silence {unknown}
 j - a scroll of identify {unknown}
 k - a scroll of fear {unknown}
Potions
 b - 2 potions of lignification
 d - a potion of ambrosia {unknown}
 e - a potion of degeneration {unknown}
 g - a potion of flight {unknown}


   Skills:
 - Level 1.0 Fighting
 - Level 1.5 Dodging
 * Level 3.7 Unarmed Combat
 + Level 2.3 Spellcasting
 + Level 2.4 Transmutations


You had one spell level left.
You knew the following spells:

 Your Spells              Type           Power      Damage    Failure   Level
a - Beastly Appendage     Tmut           18%        N/A       8%          1
b - Wereblood             Tmut           9%         N/A       11%         2
c - Passwall              Tmut/Erth      4%         N/A       19%         2

Your spell library contained the following spells:

 Spells                   Type           Power      Damage    Failure   Level
 Ensorcelled Hibernation  Hex/Ice        2%         N/A       30%         2
 Spider Form              Tmut/Pois      5%         N/A       36%         3
 Swiftness                Air            1%         N/A       52%         3
 Ice Form                 Ice/Tmut       5%         N/A       77%         4


Dungeon Overview and Level Annotations

Branches:
Dungeon (2/15)

Altars:
Cheibriados

Annotations:
D:2 1 runed translucent door, Crazy Yiuf, Natasha


Innate Abilities, Weirdness & Mutations

You have temporarily grown beastly horns.
Your serpentine skin is tough. (AC +1)
You have supernaturally acute eyesight. (SInv)
Armour fits poorly on your strangely shaped body.
Your system is resistant to poisons. (rPois)
You cover ground very slowly.
You can spit poison.
You have a snake-like lower body.


Message History

Natasha claws you!
You closely miss Natasha.
Natasha is lightly wounded.
Natasha closely misses you. Natasha barely misses you.
You hit Natasha but do no damage.
Natasha is lightly wounded.
Natasha claws you.
You barely miss Natasha.
Natasha is lightly wounded.
Natasha stares at you and mumbles some strange words.
The magic dart hits you!
The white imp shouts, "Get thee gone, thou spongy milk-livered whey-face!"
Natasha barely misses you.
You are too injured to fight recklessly!
You hit Natasha but do no damage. You headbutt Natasha!
Natasha is severely wounded.
Your transformation is almost over.
Natasha claws you.
* * * LOW HITPOINT WARNING * * *
You closely miss Natasha.
Natasha is severely wounded.
Natasha claws you.
* * * LOW HITPOINT WARNING * * *
Natasha claws you.
* * * LOW HITPOINT WARNING * * *
You hit Natasha but do no damage.
Natasha is severely wounded.
Natasha barely misses you.
You closely miss Natasha.
Natasha is severely wounded.
Natasha closely misses you.
You miss Natasha.
Natasha is severely wounded.
Natasha claws you.
* * * LOW HITPOINT WARNING * * *
Natasha closely misses you.
You hit Natasha but do no damage.
Natasha is severely wounded.
Natasha claws you.
You die...

## #### . ..# # #.#
#####.### ........#
##.#....######## #
##.#...........######....
........######..@h5......
##.##.#.# ######......
##.##.#.# ..... #..##.#.#
.... #.###.... h..
#.####### .# ...# # .#.#
...#### ###


You could see Natasha and a white imp (summoned).

Vanquished Creatures
  A dart slug (D:1)
  An orc (D:2)
  4 ball pythons
  2 endoplasms
  A giant cockroach (D:2)
  2 goblins (D:1)
  2 hobgoblins (D:1)
  A quokka (D:2)
  A bat (D:1)
  3 frilled lizards
  5 kobolds
  2 rats (D:1)
25 creatures vanquished.

Notes
Turn   | Place    | Note
-------+----------+-------------------------------------------
     0 | D:1      | Hugehornet the Naga Transmuter began the quest for the Orb.
     0 | D:1      | Reached XP level 1. HP: 18/18 MP: 3/3
   424 | D:1      | Reached XP level 2. HP: 25/25 MP: 5/5
  1403 | D:1      | Learned a level 2 spell: Wereblood
  1812 | D:2      | Found a faded altar of an unknown god.
  2050 | D:2      | Found a snail-covered altar of Cheibriados.
  2052 | D:2      | Reached XP level 3. HP: 31/31 MP: 4/6
  2066 | D:2      | Became a worshipper of Cheibriados the Contemplative
  2258 | D:2      | Learned a level 2 spell: Passwall
  2265 | D:2      | Found a runed translucent door.
  2266 | D:2      | Noticed Crazy Yiuf
  2301 | D:2      | Noticed Natasha
  2314 | D:2      | HP: 1/31 [Natasha (3)]
  2315 | D:2      | Slain by Natasha

Illustrated notes

Levels and vault maps discovered:
D:1:      lightli_arrival_farm, layout_loops_corners, serial_aquarium,
          aquarium_bridge_straight [aquarium_subvault_bridge,
          aquarium_subvault_window, aquarium_subvault_bridge,
          aquarium_subvault_wall], aquarium_bridge_straight
          [aquarium_subvault_bridge, aquarium_subvault_window,
          aquarium_subvault_bridge, aquarium_subvault_wall], aquarium_window_1,
          aquarium_window_double, aquarium_view_2d, aquarium_pool_1
D:2:      layout_loops_ring, basic_altar, nicolae_ecumenical_pavilion,
          uniq_natasha, uniq_crazy_yiuf_cottage

Action                   || total
-------------------------++-------
Melee: Unarmed           ||    94
       Headbutt          ||    10
       Punch             ||     2
 Cast: Beastly Appendage ||    19
Armor: Robe              ||    11
Dodge: Dodged            ||    40
